 Dungeon Crawl Stone Soup version 0.21.1-1-g345015f (webtiles) character file.

70 tidbits the Grave Robber (level 4, 1/32 HPs)
             Began as a Gnoll Necromancer on June 20, 2018.
             Quit the game on level 3 of the Dungeon.
             The game lasted 00:05:10 (578 turns).

tidbits the Grave Robber (Gnoll Necromancer)         Turns: 578, Time: 00:05:10

Health: 1/32       AC:  4    Str: 12 (15) XL:     4   Next: 22%
Magic:  2/11       EV: 20    Int: 18 (19) God:
Gold:   101        SH:  0    Dex: 18 (20) Spells: 5/13 levels left

rFire    + . .     SeeInvis .   s - +0 trident
rCold    + . .     Gourm    .   (no shield)
rNeg     . . .     Faith    .   B - +0 robe
rPois    +         Spirit   .   (no helmet)
rElec    +         Reflect  .   C - +0 cloak
rCorr    +         Harm     .   G - +0 pair of gloves
MR       .....                  (no boots)
Stlth    ++++......             (no amulet)
HPRegen  0.10/turn              (no ring)
MPRegen  0.12/turn              (no ring)

@: mighty, agile, lethally poisoned (1 -> -2), resistant
A: distributed training, fangs 1, strong nose
a: no special abilities


You were on level 3 of the Dungeon.
You were not hungry.

You visited 1 branch of the dungeon, and saw 3 of its levels.

You collected 101 gold pieces.

Inventory:

Hand Weapons
 a - a +0 spear
 e - a +0 short sword
 f - a +0 flail
 o - a +0 dagger
 s - a +0 trident (weapon)
Missiles
 l - 40 arrows
 p - 4 stones (quivered)
Armour
 B - a +0 robe (worn)
 C - a +0 cloak (worn)
 G - a +0 pair of gloves (worn)
Scrolls
 d - 2 scrolls of remove curse
 g - a scroll of enchant armour {unknown}
 i - a scroll of magic mapping {unknown}
 k - a scroll of teleportation {unknown}
 n - a scroll of fog
 r - a scroll of random uselessness {unknown}
Potions
 m - a potion of agility
Books
 b - a book of Necromancy

   Spells                             Type                      Level
   a - Pain                           Necromancy                   1
   b - Animate Skeleton               Necromancy                   1
   c - Vampiric Draining              Necromancy                   3
   d - Regeneration                   Charms/Necromancy            3
   e - Animate Dead                   Necromancy                   4
   f - Borgnjor's Vile Clutch         Necromancy/Earth             5
Comestibles
 c - 4 rations


   Skills:
 + Level 1.0 Fighting
 + Level 1.0 Short Blades
 + Level 1.0 Long Blades
 + Level 1.0 Axes
 + Level 1.0 Maces & Flails
 + Level 1.0 Polearms
 + Level 1.0 Staves
 + Level 1.0 Slings
 + Level 1.0 Bows
 + Level 1.0 Crossbows
 + Level 1.0 Throwing
 + Level 1.0 Armour
 + Level 4.6 Dodging
 + Level 4.2 Stealth
 + Level 1.0 Shields
 + Level 1.0 Unarmed Combat
 + Level 5.0 Spellcasting
 + Level 0.8 Conjurations
 + Level 0.8 Hexes
 + Level 0.8 Charms
 + Level 0.8 Summonings
 + Level 7.1 Necromancy
 + Level 0.8 Translocations
 + Level 0.8 Transmutations
 + Level 0.8 Fire Magic
 + Level 0.8 Ice Magic
 + Level 0.8 Air Magic
 + Level 0.8 Earth Magic
 + Level 0.8 Poison Magic
 + Level 1.1 Invocations
 + Level 1.0 Evocations


You had 5 spell levels left.
You knew the following spells:

 Your Spells              Type           Power        Failure   Level  Hunger
a - Pain                  Necr           ####         1%          1    None
d - Vampiric Draining     Necr           ####......   1%          3    ##.....
n - Animate Skeleton      Necr           N/A          1%          1    None
r - Regeneration          Chrm/Necr      ###.......   8%          3    ##.....


Dungeon Overview and Level Annotations

Branches:
Dungeon (3/15)

Altars:


Innate Abilities, Weirdness & Mutations

Your experience applies equally to all skills.
You have very sharp teeth.
Your uncanny sense of smell can sniff out nearby items.


Message History

Aiming: Pain
Press: ? - help, Shift-Dir - straight line, f - goblin
Aim: a goblin, wielding a club (hasn't noticed you, chance to defeat MR: 93%)
The goblin shouts!
The goblin writhes in agony!
You kill the goblin!
You have reached level 4!
You feel clever.
You hear a shout! x2
Okay, then.
There is a stone staircase leading down here.
You climb downwards.
There is a stone staircase leading up here.
Unknown command.
An orc comes into view. It is wielding a trident.
Casting: Pain
Confirm with . or Enter, or press ? or * to list all spells.
Aiming: Pain
Press: ? - help, Shift-Dir - straight line, f - orc
Aim: an orc, wielding a trident (resting, chance to defeat MR: 93%)
The orc writhes in agony!
Casting: Pain
Confirm with . or Enter, or press ? or * to list all spells.
Aiming: Pain
Press: ? - help, Shift-Dir - straight line, f/p - orc
Aim: an orc, wielding a trident (almost dead, chance to defeat MR: 93%)
The orc writhes in agony!
You kill the orc!
An orc comes into view. It is wielding a club.
Things that are here:
a trident; an orc corpse
s - a trident Wield which item (- for none, * to show all)? (? for menu, Esc to quit)
s - a +0 trident (weapon)
Attack whom?
Press: ? - help, Dir - move target cursor, f - orc
Aim: an orc, wielding a club (resting)
You reach to attack!
The helpless orc fails to defend itself.
You hit the orc.
The orc is severely wounded.
Casting: Pain
Confirm with . or Enter, or press ? or * to list all spells.
Aiming: Pain
Press: ? - help, Shift-Dir - straight line, f/p - orc
Aim: an orc, wielding a club (severely wounded, chance to defeat MR: 93%)
The orc writhes in agony!
You kill the orc!
An orc comes into view. It is wielding a club.
Things that are here:
a club; an orc corpse You see here an orc corpse.
An adder comes into view.
Attack whom?
Press: ? - help, Dir - move target cursor, f - adder
Aim: an adder (resting)
You reach to attack!
The helpless adder fails to defend itself.
You hit the adder.
The adder is severely wounded.
The adder misses you.
Casting: Pain
Confirm with . or Enter, or press ? or * to list all spells.
Aiming: Pain
Press: ? - help, Shift-Dir - straight line, f/p - adder
Aim: an adder (severely wounded, chance to defeat MR: 89%)
The adder writhes in agony!
The adder bites you.
* * * LOW HITPOINT WARNING * * *
You are lethally poisoned!
The adder poisons you!
Casting: Pain
Confirm with . or Enter, or press ? or * to list all spells.
Aiming: Pain
Press: ? - help, Shift-Dir - straight line, f/p - adder
Aim: an adder (severely wounded, chance to defeat MR: 89%)
The adder writhes in agony!
* * * LOW HITPOINT WARNING * * *
You feel sick. The adder bites you but does no damage.
The adder closely misses you.
Casting: Pain
Confirm with . or Enter, or press ? or * to list all spells.
Aiming: Pain
Press: ? - help, Shift-Dir - straight line, f/p - adder
Aim: an adder (almost dead, chance to defeat MR: 89%)
The adder writhes in agony!
You kill the adder!
It was a potion of agility.
You feel agile all of a sudden.
* * * LOW HITPOINT WARNING * * *
You feel sick.
It was a potion of might.
You feel very mighty all of a sudden.
It was a potion of degeneration.
There was something very wrong with that liquid.
You feel weakened.
You feel dopey.
You feel clumsy.
* * * LOW HITPOINT WARNING * * *
You feel sick.
It was a potion of resistance.
You feel protected.
Are you sure you want to abandon this character and quit the game? (Confirm with "yes".)

.. # #..# #..## #..#
.. .#.##..###..#
#..# .
.............# ##..#
..#.#######.#......#
# #.# ....##### #.#
#.....# #.#####
#.######.###.#
#.....#
#.........<..# #@#
########.###.# #.#
#.# #.#
#.##########.###.#
#................#
############.###.#
#.# #.# ##.# #.#
###.#.##.#
#.†###...#


There were no monsters in sight!

Vanquished Creatures
  3 adders
  A dart slug (D:1)
  3 leopard geckos
  2 orcs (D:3)
  A ball python (D:1)
  A giant cockroach (D:1)
  4 goblins
  5 hobgoblins
  3 jackals
  2 kobolds
  A bat (D:1)
  4 frilled lizards
  8 rats
38 creatures vanquished.

Notes
Turn   | Place    | Note
-------+----------+-------------------------------------------
     0 | D:1      | tidbits the Gnoll Necromancer began the quest for the Orb.
     0 | D:1      | Reached XP level 1. HP: 13/13 MP: 6/6
   103 | D:1      | HP: 1/13 [dart slug/slug dart (3)]
   104 | D:1      | Reached XP level 2. HP: 1/19 MP: 3/7
   107 | D:1      | Learned a level 1 spell: Animate Skeleton
   143 | D:2      | HP: 2/20 [frilled lizard (1)]
   311 | D:3      | Reached XP level 3. HP: 2/25 MP: 1/9
   335 | D:2      | Learned a level 3 spell: Regeneration
   340 | D:2      | Learned a level 3 spell: Vampiric Draining
   390 | D:2      | Reached skill level 5 in Spellcasting
   439 | D:2      | Reached skill level 1 in Invocations
   476 | D:3      | Reached skill level 1 in Fighting
   476 | D:3      | Reached skill level 1 in Short Blades
   476 | D:3      | Reached skill level 1 in Long Blades
   476 | D:3      | Reached skill level 1 in Axes
   476 | D:3      | Reached skill level 1 in Maces & Flails
   476 | D:3      | Reached skill level 1 in Polearms
   476 | D:3      | Reached skill level 1 in Staves
   476 | D:3      | Reached skill level 1 in Slings
   476 | D:3      | Reached skill level 1 in Bows
   476 | D:3      | Reached skill level 1 in Crossbows
   476 | D:3      | Reached skill level 1 in Throwing
   476 | D:3      | Reached skill level 1 in Armour
   476 | D:3      | Reached skill level 1 in Shields
   476 | D:3      | Reached skill level 1 in Unarmed Combat
   476 | D:3      | Reached skill level 1 in Evocations
   528 | D:2      | Reached XP level 4. HP: 8/32 MP: 1/11
   572 | D:3      | HP: 3/32 [poisoned by an adder]
   576 | D:3      | HP: 1/32 [poisoned by an adder]
   578 | D:3      | Quit the game

Skill      XL: |  1  2  3 |
---------------+----------+-----
Spellcasting   | 5 |  5.0
Invocations    | 1 |  1.1
Fighting       | 1 |  1.0
Short Blades   | 1 |  1.0
Long Blades    | 1 |  1.0
Axes           | 1 |  1.0
Maces & Flails | 1 |  1.0
Polearms       | 1 |  1.0
Staves         | 1 |  1.0
Slings         | 1 |  1.0
Bows           | 1 |  1.0
Crossbows      | 1 |  1.0
Throwing       | 1 |  1.0
Armour         | 1 |  1.0
Shields        | 1 |  1.0
Unarmed Combat | 1 |  1.0
Evocations     | 1 |  1.0
Dodging        | |  4.6
Stealth        | |  4.2
Conjurations   | |  0.8
Hexes          | |  0.8
Charms         | |  0.8
Summonings     | |  0.8
Necromancy     | |  7.1
Translocations | |  0.8
Transmutations | |  0.8
Fire Magic     | |  0.8
Ice Magic      | |  0.8
Air Magic      | |  0.8
Earth Magic    | |  0.8
Poison Magic   | |  0.8

Action                   |  1- 3 |  4- 6 || total
-------------------------+-------+-------++-------
Melee: Unarmed           |     6 |       ||     6
       Bite              |     1 |       ||     1
       Spear             |    16 |       ||    16
       Trident           |       |     2 ||     2
 Cast: Pain              |    54 |     7 ||    61
       Regeneration      |     1 |       ||     1
  Use: Scroll            |     2 |       ||     2
       Potion            |       |     4 ||     4
 Stab: Sleeping          |     3 |     2 ||     5
Armor: Robe              |    10 |     1 ||    11
Dodge: Dodged            |    18 |     2 ||    20

Table legend:
 A = Turns spent in this place as a percentage of turns spent in the entire game.
 B = Non-inter-level travel turns spent in this place as a percentage of non-inter-level travel turns spent in the entire game.
 C = Inter-level travel turns spent in this place as a percentage of turns spent in this place.
 D = Turns resting spent in this place as a percentage of non-inter-level travel turns spent in this place.
 E = Turns spent auto-exploring this place as a percentage of non-inter-level travel turns spent in this place.
 F = Non-inter-level travel turns spent in this place divided by the number of levels of this place that you've seen.
                   A       B       C       D       E      F
               +-------+-------+-------+-------+-------+----------------------
         Total | 100.0 | 100.0 |   3.1 |   0.0 |   0.0 | 186.7
       Dungeon | 100.0 | 100.0 |   3.1 |   0.0 |   0.0 | 186.7
               +-------+-------+-------+-------+-------+----------------------

Table legend:
 A = Kills in this place as a percentage of kills in entire the game.
 B = Kills by you in this place as a percentage of kills by you in the entire game.
 C = Kills by friends in this place as a percentage of kills by friends in the entire game.
 D = Other kills in this place as a percentage of other kills in the entire game.
 E = Experience gained in this place as a percentage of experience gained in the entire game.
 F = Experience gained in this place divided by the number of levels of this place that you have seen.
                   A       B       C       D       E      F
               +-------+-------+-------+-------+-------+----------------------
         Total | 100.0 | 100.0 |   N/A |   N/A | 100.0 |  33.7
       Dungeon | 100.0 | 100.0 |   N/A |   N/A | 100.0 |  33.7
               +-------+-------+-------+-------+-------+----------------------

Vault maps used:
D:1:      sevenhm_arrival_forest_fort_small_5
D:2:      corexii_hall_statues_i, nemelex_xobeh_ov_fountains_minmay, uniq_robin,
          uniq_crazy_yiuf_cottage
D:3:      first_ration
